 Dungeon Crawl Stone Soup version 0.29-a0-1009-g60c99734e7 (webtiles) character file.

Game seed: 15749001905876941683

214 drpainis the Sneak (level 5, -5/25 HPs)
             Began as a Spriggan Enchanter on Aug 8, 2022.
             Slain by a mummy (15 damage)
             ... in an ossuary.
             The game lasted 00:04:54 (4971 turns).

drpainis the Sneak (Spriggan Enchanter)             Turns: 4971, Time: 00:04:55

Health: -5/25      AC:  3    Str:  4    XL:     5   Next: 60%
Magic:  10/10      EV: 18    Int: 17    God:
Gold:   133        SH:  0    Dex: 17    Spells: 2/10 levels left

rFire   . . .      SeeInvis +   a - +1 dagger
rCold   . . .      Faith    .   (no shield)
rNeg    . . .      Spirit   .   b - +0 robe
rPois   .          Reflect  .   (helmet restricted)
rElec   .          Harm     .   j - +0 cloak
rCorr   .          Rampage  .   (gloves unavailable)
Will    .....                   (boots unavailable)
Stlth   ++++......              (no amulet)
HPRegen 0.08/turn               (no ring)
MPRegen 0.12/turn               (no ring)

@: invisible, very quick
A: very small, no large weapons, unfitting armour, see invisible, speed 3
a: no special abilities


You were in an ossuary.
You visited 1 branch of the dungeon, and saw 4 of its levels.
You also visited: Ossuary.

You collected 133 gold pieces.

Inventory:

Hand Weapons
 a - a +1 dagger (weapon)
Armour
 b - a +0 robe (worn)
 j - a +0 cloak (worn)
Jewellery
 g - a ring of see invisible
Wands
 l - a wand of mindburst (9)
 m - a wand of flame (7)
Scrolls
 d - a scroll of enchant weapon {unknown}
 e - a scroll of identify {unknown}
 i - a scroll of poison {unknown}
 k - a scroll of teleportation {unknown}
Potions
 f - 2 potions of curing {unknown}
 h - 2 potions of haste {unknown}
 n - a potion of heal wounds {unknown}


   Skills:
 + Level 1.6 Fighting
 + Level 1.9 Short Blades
 + Level 3.9 Dodging
 + Level 6.8 Stealth
 + Level 3.2 Spellcasting
 + Level 4.4 Hexes
 + Level 0.1 Ice Magic


You had 2 spell levels left.
You knew the following spells:

 Your Spells              Type           Power      Damage    Failure   Level
a - Ensorcelled Hibernat  Hex/Ice        20%        N/A       10%         2
b - Confusing Touch       Hex            17%        N/A       9%          3
c - Tukima's Dance        Hex            17%        N/A       9%          3

Your spell library contained the following spells:

 Spells                   Type           Power      Damage    Failure   Level
 Beastly Appendage        Tmut           4%         N/A       17%         1
 Shock                    Conj/Air       8%         1d3       17%         1
 Wereblood                Tmut           2%         N/A       26%         2
 Dazzling Flash           Conj/Hex       20%        N/A       21%         3
 Spider Form              Tmut/Pois      2%         N/A       45%         3
 Swiftness                Air            2%         N/A       45%         3
 Airstrike                Air            1%         2d(1-17)  86%         4


Dungeon Overview and Level Annotations

Branches:
Dungeon (3/15)            Ossuary (1/1)

Altars:
Makhleb


Innate Abilities, Weirdness & Mutations

You are very small and have problems with some larger weapons.
You are too small for most types of armour.
You have supernaturally acute eyesight. (SInv)
You cover ground extremely quickly. (Speed+++)


Message History

There is an open door here.
There is an open door here.
You open the door.
There is an open door here.
You open the door.
There is an open door here.
You open the door. 5 mummies come into view.
Found six items.
Found a gate leading back out of this place.
Found six items.
There is an open door here.
There is a click, and some walls slide away!
The mummy hits you!
Ouch! That really hurt!
You see here a fizzy orange potion.
There are monsters nearby!
There is an open door here.
You fade into invisibility!
There is an open door here.
You hit the mummy.
The mummy is lightly damaged.
You hit the mummy.
The mummy is lightly damaged.
The mummy closely misses you.
You hit the mummy but do no damage.
The mummy is lightly damaged.
You barely miss the mummy.
The mummy is lightly damaged.
The mummy misses you.
You hit the mummy.
The mummy is moderately damaged.
The mummy misses you.
You hit the mummy but do no damage.
The mummy is moderately damaged.
You hit the mummy.
The mummy is heavily damaged.
The mummy misses you. The mummy hits you!
Ouch! That really hurt!
You die...

........#.........#.#..#
###.....#......####.'..#
...............###..#
...............#.#..#
....?!!........'.#..#
...??$!?.......#.'..#
#..!$∩$!..########..#
...?!$?!....MM.#.#..#
....?!!....MM@.'.#..#
.............M.#.'..#
..........'....###..#
.....#......#### #..#
.....#........ #..# #...
#....#.... +..# #...
#....#....# #..#
#....#....# #..#
#+#####+### ..#


You could see 5 mummies.

Vanquished Creatures
  2 centaur zombies (Ossuary)
  2 orc wizards (D:3)
  A gnoll (D:1)
  3 adders
  4 orcs (D:3)
  5 ball pythons
  7 endoplasms
  2 giant cockroaches (D:2)
  3 goblins
  5 hobgoblins
  7 jackals
  5 kobolds
  A quokka (D:2)
  4 frilled lizards
  A goblin zombie (Ossuary)
  3 hobgoblin zombies (Ossuary)
  A kobold zombie (Ossuary)
  An orc zombie (Ossuary)
  2 quokka zombies (Ossuary)
  4 rats
  2 rat zombies (Ossuary)
65 creatures vanquished.

Notes
Turn   | Place    | Note
-------+----------+-------------------------------------------
     0 | D:1      | drpainis the Spriggan Enchanter began the quest for the
                  | Orb.
     0 | D:1      | Reached XP level 1. HP: 9/9 MP: 5/5
   908 | D:1      | Reached XP level 2. HP: 13/13 MP: 6/6
   924 | D:1      | Reached skill level 5 in Stealth
  1221 | D:1      | Reached XP level 3. HP: 4/16 MP: 8/8
  1700 | D:1      | Learned a level 2 spell: Ensorcelled Hibernation
  1704 | D:1      | Learned a level 3 spell: Confusing Touch
  2873 | D:2      | Learned a level 3 spell: Tukima's Dance
  3645 | D:2      | Reached XP level 4. HP: 21/21 MP: 9/9
  3979 | D:3      | Found a burning altar of Makhleb.
  4056 | D:3      | Reached skill level 6 in Stealth
  4071 | D:3      | Reached skill level 1 in Fighting
  4178 | D:3      | Reached XP level 5. HP: 14/25 MP: 3/10
  4504 | D:3      | You fall into a shaft and drop 3 floors!
  4504 | D:6      | Found a sand-covered staircase.
  4507 | Ossuary  | Entered an ossuary
  4971 | Ossuary  | Slain by a mummy

Illustrated notes

Levels and vault maps discovered:
D:1:      minmay_arrival_wavy_path, layout_rooms, minmay_misc_feat_chi,
          chequers_big_river
D:2:      layout_rooms
D:3:      layout_loops_ring, nicolae_overflow_crystal_walls, uniq_grinder
D:6:      layout_loops_ring, nicolae_ossuary_entry_plus
Ossuary:  ossuary_boxes_badplayer

Skill      XL: |  1  2  3  4 |
---------------+-------------+-----
Dodging        | 3 |  3.9
Hexes          | 4 |  4.4
Stealth        | 5 6 |  6.8
Spellcasting   | 3 |  3.2
Fighting       | 1 |  1.6
Short Blades   | |  1.9
Ice Magic      | |  0.1

Action                   |  1- 3 |  4- 6 || total
-------------------------+-------+-------++-------
Melee: Dagger            |   182 |   104 ||   286
       Punch             |     3 |       ||     3
 Cast: Ensorcelled Hiber |       |     4 ||     4
       Tukima's Dance    |       |     1 ||     1
       Confusing Touch   |       |     4 ||     4
  Use: Potion            |       |     2 ||     2
 Stab: Sleeping          |     3 |    11 ||    14
       Invisible         |       |     3 ||     3
       Confused          |       |     3 ||     3
Armor: Robe              |    16 |    15 ||    31
Dodge: Dodged            |   145 |    69 ||   214

Table legend: (Time is in decaauts)
 A = Elapsed time spent in this place.
 B = Non-inter-level travel time spent in this place.
 C = Inter-level travel time spent in this place.
 D = Time resting spent in this place.
 E = Time spent auto-exploring this place.
 F = Levels seen in this place.
 G = Mean time per level.
                   A        B        C        D        E       F      G
               +--------+--------+--------+--------+--------+-----+--------+
         Total |   4319 |   4295 |     24 |   2791 |    870 |   5 |  863.8 |
       Dungeon |   3921 |   3897 |     24 |   2555 |    870 |   4 |  980.2 |
       Ossuary |    398 |    398 |      0 |    236 |      0 |   1 |  398.0 |
               +--------+--------+--------+--------+--------+-----+--------+

Top non-repeatable levels by time:
     D:1: 2060 daAuts
     D:2: 1383 daAuts
     D:3: 474 daAuts
 Ossuary: 398 daAuts
     D:6: 2 daAuts
